[Event "XIX Najdorf Memorial 2019"]
[Site "Warsaw"]
[Date "2019.07.14"]
[Round "9.22"]
[White "Antolak, Julia"]
[Black "Kubicka, Anna"]
[Result "1-0"]
[ECO "C95"]
[WhiteElo "2258"]
[BlackElo "2202"]
[Annotator "ChessBase"]
[PlyCount "133"]
[EventDate "2019.07.06"]
[EventType "swiss"]
[EventCountry "POL"]
[SourceTitle "playchess.com"]
[Source "ChessBase"]
[SourceQuality "1"]
[TimeControl "40/5400+30:1800+30"]

1. e4 e5 2. Nf3 Nc6 3. Bb5 a6 4. Ba4 Nf6 5. O-O Be7 6. Re1 b5 7. Bb3 d6 8. c3 O-O 9. h3 Nb8 10. d4 Nbd7 11. Nbd2 Bb7 12. Bc2 Re8 13. Nf1 Bf8 14. Ng3 g6 15. b3 Bg7 16. Bb2 c5 17. d5 Nb6 18. a4 bxa4 19. bxa4 Nc4 20. Bc1 Na5 21. Nh2 Qc7 22. Nhf1 Rab8 23. Ne3 c4 24. Ba3 Bc8 25. Bb4 Bf8 26. Qe2 Nb3 27. Bxb3 cxb3 28. Nc4 Bd7 29. Reb1 Rec8 30. Na5 Bh6 31. Nxb3 Bf4 32. Nf1 Ne8 33. Nfd2 f5 34. Na5 Bxd2 35. Qxd2 fxe4 36. Qe2 Nf6 37. Rd1 Be8 38. Qxa6 Ra8 39. Qb7 Qxb7 40. Nxb7 Bxa4 41. Rd2 Bb3 42. Rxa8 Rxa8 43. Bxd6 Bxd5 44. Bxe5 Bxb7 45. Bxf6 Bc6 46. Rd6 Rc8 47. Kh2 Kf7 48. Kg3 Be8 49. Bd4 Ke7 50. Ra6 Rc6 51. Ra7+ Bd7 52. Kf4 Re6 53. g4 h6 54. h4 Kd8 55. Be5 Rc6 56. Ra8+ Ke7 57. Rh8 g5+ 58. hxg5 hxg5+ 59. Kxg5 Rc5 60. Kf4 Rc4 61. Bd4 Rc8 62. Rxc8 Bxc8 63. g5 Bb7 64. Ke5 Ba8 65. Bc5+ Kf7 66. Kd6 Kg6 67. Be3 1-0

[Event "XIX Najdorf Memorial 2019"]
[Site "Warsaw"]
[Date "2019.07.14"]
[Round "9.23"]
[White "Cieslak, Wiktoria"]
[Black "Terletsky, Oleg"]
[Result "1-0"]
[ECO "C45"]
[WhiteElo "2001"]
[BlackElo "2408"]
[Annotator "ChessBase"]
[PlyCount "78"]
[EventDate "2019.07.06"]
[EventType "swiss"]
[EventCountry "POL"]
[SourceTitle "playchess.com"]
[Source "ChessBase"]
[SourceQuality "1"]
[TimeControl "40/5400+30:1800+30"]

1. e4 e5 2. Nf3 Nc6 3. d4 exd4 4. Nxd4 Nf6 5. Nxc6 bxc6 6. e5 Qe7 7. Qe2 Nd5 8. b3 Qe6 9. g3 a5 10. c4 Nb6 11. a3 a4 12. b4 Bb7 13. c5 Ba6 14. Qe4 Bxf1 15. Rxf1 Nd5 16. f4 f5 17. Qe2 Be7 18. Bb2 O-O 19. Nc3 Nxc3 20. Bxc3 Rad8 21. Rd1 Rfe8 22. Rf3 d5 23. exd6 Bf6 24. Qxe6+ Rxe6+ 25. Kf2 cxd6 26. cxd6 Rexd6 27. Rxd6 Rxd6 28. Bxf6 gxf6 29. Rc3 Kf7 30. Ke2 h5 31. Rc5 Ke6 32. Ra5 Rd4 33. Rxa4 h4 34. Ra5 hxg3 35. hxg3 Rc4 36. Kd2 Rd4+ 37. Kc2 Re4 38. Rc5 Re3 39. Rxc6+ Kd5 1-0

[Event "XIX Najdorf Memorial 2019"]
[Site "Warsaw"]
[Date "2019.07.14"]
[Round "9.24"]
[White "Sanz Wawer, Daniel"]
[Black "Czerw, Dawid"]
[Result "1-0"]
[ECO "D30"]
[WhiteElo "2154"]
[BlackElo "2326"]
[Annotator "ChessBase"]
[PlyCount "89"]
[EventDate "2019.07.06"]
[EventType "swiss"]
[EventCountry "POL"]
[SourceTitle "playchess.com"]
[Source "ChessBase"]
[SourceQuality "1"]
[TimeControl "40/5400+30:1800+30"]

1. d4 Nf6 2. c4 e6 3. Nf3 d5 4. e3 c6 5. Nbd2 Nbd7 6. Bd3 Bd6 7. O-O O-O 8. e4 e5 9. cxd5 cxd5 10. exd5 exd4 11. Ne4 Bb8 12. Bg5 h6 13. Bh4 Qb6 14. Nxf6+ Nxf6 15. Bc4 g5 16. Bg3 Qxb2 17. Bxb8 Rxb8 18. Nxd4 Bd7 19. Qd3 Qb4 20. h4 Qd6 21. hxg5 hxg5 22. Rfe1 Ng4 23. Nf3 Rfe8 24. Bb3 Ne5 25. Qe3 Nxf3+ 26. Qxf3 Qf4 27. Qxf4 gxf4 28. d6 Bc6 29. Rxe8+ Rxe8 30. Rd1 f3 31. gxf3 Bxf3 32. Rd4 Bc6 33. Rg4+ Kf8 34. Rf4 Re1+ 35. Kh2 Rh1+ 36. Kg3 Rh7 37. Rf5 Rh6 38. Rxf7+ Ke8 39. Re7+ Kd8 40. Be6 Rf6 41. Kg4 Be4 42. Kg5 Rxf2 43. Rd7+ Ke8 44. Rc7 Rc2 45. Rc8+ 1-0

[Event "XIX Najdorf Memorial 2019"]
[Site "Warsaw"]
[Date "2019.07.14"]
[Round "9.25"]
[White "Adamski, Jan"]
[Black "Miroshnichenko, Pavel"]
[Result "1/2-1/2"]
[ECO "A04"]
[WhiteElo "2183"]
[BlackElo "2300"]
[Annotator "ChessBase"]
[PlyCount "65"]
[EventDate "2019.07.06"]
[EventType "swiss"]
[EventCountry "POL"]
[SourceTitle "playchess.com"]
[Source "ChessBase"]
[SourceQuality "1"]
[TimeControl "40/5400+30:1800+30"]

1. Nf3 c5 2. c4 Nc6 3. Nc3 g6 4. e3 Bg7 5. d4 cxd4 6. exd4 d6 7. Be2 Bg4 8. O-O Nh6 9. d5 Bxf3 10. Bxf3 Ne5 11. Be4 O-O 12. b3 a6 13. a4 Qb6 14. a5 Qc7 15. Bd2 f5 16. Bc2 Nhg4 17. h3 Nf6 18. Ne2 Nh5 19. f4 Nd7 20. Ra2 Qc5+ 21. Kh2 Rae8 22. Rf3 Ndf6 23. Be3 Qc8 24. Nd4 Ne4 25. Bxe4 fxe4 26. Rf1 e5 27. dxe6 Bh6 28. g3 Ng7 29. Rd2 Qc7 30. Qb1 Nxe6 31. Nxe6 Rxe6 32. Rd5 Bg7 33. Qc2 1/2-1/2

[Event "XIX Najdorf Memorial 2019"]
[Site "Warsaw"]
[Date "2019.07.14"]
[Round "9.26"]
[White "Rosicki, Marcin"]
[Black "Sowul, Bartosz"]
[Result "0-1"]
[ECO "B39"]
[WhiteElo "2026"]
[BlackElo "2210"]
[Annotator "ChessBase"]
[PlyCount "110"]
[EventDate "2019.07.06"]
[EventType "swiss"]
[EventCountry "POL"]
[SourceTitle "playchess.com"]
[Source "ChessBase"]
[SourceQuality "1"]
[TimeControl "40/5400+30:1800+30"]

1. e4 c5 2. c4 Nc6 3. Ne2 g6 4. d4 cxd4 5. Nxd4 Bg7 6. Be3 Nf6 7. Nc3 Ng4 8. Qxg4 Nxd4 9. Qd1 e5 10. Bd3 O-O 11. O-O b6 12. Ne2 Bb7 13. f3 Rc8 14. Rc1 Re8 15. b3 Bc6 16. Bxd4 exd4 17. Bb1 Qg5 18. Kh1 Qh6 19. g3 Re6 20. Nf4 Re5 21. Nd5 Rce8 22. Bd3 d6 23. Rc2 Qh3 24. Nc7 Rc8 25. Nd5 Rce8 26. Nc7 Rc8 27. Nd5 Bxd5 28. cxd5 Rc3 29. Qe2 Re7 30. Rfc1 h5 31. Rxc3 dxc3 32. Qf1 Qc8 33. Qf2 Rc7 34. Qe2 Qd8 35. Qe3 h4 36. Kg2 Qf6 37. Rc2 Rc8 38. Bb5 hxg3 39. hxg3 Rc5 40. Bc6 g5 41. Qd3 a5 42. a3 Qd4 43. Qxd4 Bxd4 44. Kf1 b5 45. Ke2 b4 46. a4 Be5 47. g4 Kg7 48. Kd3 Kf6 49. Rc1 Bf4 50. Rc2 Ke5 51. Rg2 Bg3 52. Kc2 Kf4 53. Rg1 Kxf3 54. Rh1 Kxg4 55. Rh7 f6 0-1

[Event "XIX Najdorf Memorial 2019"]
[Site "Warsaw"]
[Date "2019.07.14"]
[Round "9.27"]
[White "Kopylov, Daniel"]
[Black "Lukasiewicz, Krzysztof"]
[Result "0-1"]
[ECO "B13"]
[WhiteElo "2209"]
[BlackElo "2172"]
[Annotator "ChessBase"]
[PlyCount "88"]
[EventDate "2019.07.06"]
[EventType "swiss"]
[EventCountry "POL"]
[SourceTitle "playchess.com"]
[Source "ChessBase"]
[SourceQuality "1"]
[TimeControl "40/5400+30:1800+30"]

1. e4 c6 2. d4 d5 3. exd5 cxd5 4. Bd3 Nc6 5. c3 Qc7 6. Ne2 Bg4 7. O-O e6 8. Qe1 Bxe2 9. Qxe2 Bd6 10. h3 Nf6 11. Nd2 O-O 12. Nf3 a6 13. a4 Na5 14. Bg5 Nd7 15. Rae1 Nc4 16. Bc1 b5 17. Ng5 Nf6 18. b3 Na5 19. b4 Nb3 20. axb5 Nxc1 21. Rxc1 Bf4 22. Nxe6 fxe6 23. Qxe6+ Kh8 24. Rc2 axb5 25. Bxb5 Bd6 26. Qf5 Ra3 27. c4 dxc4 28. Rxc4 Qe7 29. Rc8 Bxb4 30. Rxf8+ Qxf8 31. Rc1 Rc3 32. Ra1 Bd6 33. Bd3 g6 34. Qf3 Qe7 35. Qa8+ Kg7 36. Bf1 Ra3 37. Rxa3 Bxa3 38. g3 Bb2 39. d5 Bd4 40. Qa2 Ne4 41. Qe2 Qf6 42. Kh2 Nc3 43. Qd2 Bxf2 44. Kg2 Bxg3 0-1

[Event "XIX Najdorf Memorial 2019"]
[Site "Warsaw"]
[Date "2019.07.14"]
[Round "9.28"]
[White "Golecki, Jan"]
[Black "Malovanyi, Yulian"]
[Result "1-0"]
[ECO "B30"]
[WhiteElo "1947"]
[BlackElo "2204"]
[Annotator "NA"]
[PlyCount "121"]
[EventDate "2019.07.06"]
[EventType "swiss"]
[EventCountry "POL"]
[SourceTitle "playchess.com"]
[Source "ChessBase"]
[SourceQuality "1"]
[TimeControl "40/5400+30:1800+30"]

1. e4 c5 2. Nf3 Nc6 3. Bb5 d6 4. d4 cxd4 5. Qxd4 Bd7 6. Qd3 a6 7. Bxc6 Bxc6 8. Nc3 Nf6 9. Bg5 e6 10. O-O-O Be7 11. Nd4 O-O 12. f4 h6 13. Bxf6 Bxf6 14. Nxc6 bxc6 15. Qxd6 Bxc3 16. Qxd8 Bxb2+ 17. Kxb2 Rfxd8 18. Rd3 Kf8 19. Rhd1 Ke7 20. Kc3 Rxd3+ 21. Rxd3 Rb8 22. Rd4 a5 23. Kd3 Rb1 24. Ra4 Rg1 25. g3 Rg2 26. Rxa5 Rxh2 27. Ra7+ Kf6 28. e5+ Kg6 29. Rc7 Rg2 30. Rxc6 Kf5 31. a4 Rxg3+ 32. Kc4 Ra3 33. Kb5 h5 34. Rc7 Kg6 35. Rc8 f6 36. exf6 gxf6 37. a5 h4 38. Rh8 Ra2 39. c4 Rb2+ 40. Kc6 Ra2 41. Kb6 Rb2+ 42. Ka7 Rc2 43. Rxh4 f5 44. Kb6 Rxc4 45. a6 Rb4+ 46. Kc5 Rb1 47. Rh3 Ra1 48. Kb5 Ra2 49. Re3 Kh5 50. Rb3 e5 51. fxe5 Re2 52. a7 Rxe5+ 53. Ka4 Re4+ 54. Ka3 Re1 55. Ka2 Re2+ 56. Rb2 Re8 57. Rb8 Re2+ 58. Kb1 Re1+ 59. Kc2 Ra1 60. a8=Q Rxa8 61. Rxa8 1-0

[Event "XIX Najdorf Memorial 2019"]
[Site "Warsaw"]
[Date "2019.07.14"]
[Round "9.29"]
[White "Zaleski, Lukasz"]
[Black "Malynovskyi, Rostyslav"]
[Result "1/2-1/2"]
[ECO "B40"]
[WhiteElo "2185"]
[BlackElo "2156"]
[Annotator "ChessBase"]
[PlyCount "92"]
[EventDate "2019.07.06"]
[EventType "swiss"]
[EventCountry "POL"]
[SourceTitle "playchess.com"]
[Source "ChessBase"]
[SourceQuality "1"]
[TimeControl "40/5400+30:1800+30"]

1. e4 c5 2. Nf3 e6 3. g3 Nc6 4. Bg2 Nf6 5. Nc3 d6 6. d4 cxd4 7. Nxd4 Bd7 8. O-O a6 9. a4 Be7 10. Nxc6 Bxc6 11. a5 O-O 12. Be3 Nd7 13. Na4 Rb8 14. Ba7 Ra8 15. Bd4 Rb8 16. Nb6 Nc5 17. Re1 Qc7 18. b4 e5 19. Bb2 Nd7 20. Nc4 f5 21. Ne3 fxe4 22. c4 Kh8 23. Qc2 b6 24. axb6 Qxb6 25. Bc3 Nf6 26. Ra5 Bb7 27. Qb2 Bd8 28. Rd1 Qc6 29. Ra2 Bb6 30. b5 axb5 31. cxb5 Qc7 32. Bb4 Rfd8 33. Nf5 Nd5 34. Bxe4 Nxb4 35. Qxb4 Bc5 36. Qe1 d5 37. Bg2 e4 38. Rc2 Qb6 39. Nxg7 Kxg7 40. Qc3+ Qf6 41. Qxf6+ Kxf6 42. Rxc5 Rbc8 43. Rxc8 Rxc8 44. Re1 Rc5 45. f3 exf3 46. Bxf3 Rxb5 1/2-1/2

[Event "XIX Najdorf Memorial 2019"]
[Site "Warsaw"]
[Date "2019.07.14"]
[Round "9.30"]
[White "Kokoszczynski, Jan"]
[Black "Sliwerski, Radoslaw"]
[Result "1-0"]
[ECO "B53"]
[WhiteElo "2238"]
[BlackElo "2010"]
[Annotator "ChessBase"]
[PlyCount "85"]
[EventDate "2019.07.06"]
[EventType "swiss"]
[EventCountry "POL"]
[SourceTitle "playchess.com"]
[Source "ChessBase"]
[SourceQuality "1"]
[TimeControl "40/5400+30:1800+30"]

1. e4 c5 2. Nf3 d6 3. d4 cxd4 4. Qxd4 Nc6 5. Bb5 Bd7 6. Qd3 Nf6 7. Nc3 g6 8. Bg5 Bg7 9. O-O-O O-O 10. Bxc6 Bxc6 11. Nd4 Re8 12. Bxf6 Bxf6 13. f4 Qb6 14. g4 Qxd4 15. Qxd4 Bxd4 16. Rxd4 e5 17. Rxd6 exf4 18. Rf1 Bxe4 19. Rxf4 Bc6 20. b4 a6 21. a4 Rad8 22. Rxd8 Rxd8 23. b5 axb5 24. axb5 Bg2 25. Nd1 g5 26. Rf5 Rd5 27. Rxd5 Bxd5 28. Ne3 Bf3 29. Kd2 Kg7 30. Kd3 Kf6 31. Kd4 Ke6 32. c4 h5 33. gxh5 Bxh5 34. c5 Bf3 35. b6 f5 36. Nc4 f4 37. Ne5 Bg2 38. c6 Kd6 39. c7 Bh3 40. Nf7+ Kc6 41. Nxg5 Bc8 42. Ke5 Kxb6 43. h4 1-0

[Event "XIX Najdorf Memorial 2019"]
[Site "Warsaw"]
[Date "2019.07.14"]
[Round "9.31"]
[White "Jarocka, Liwia"]
[Black "Lisowski, Krzysztof"]
[Result "0-1"]
[ECO "B34"]
[WhiteElo "2102"]
[BlackElo "2187"]
[Annotator "ChessBase"]
[PlyCount "100"]
[EventDate "2019.07.06"]
[EventType "swiss"]
[EventCountry "POL"]
[SourceTitle "playchess.com"]
[Source "ChessBase"]
[SourceQuality "1"]
[TimeControl "40/5400+30:1800+30"]

1. e4 c5 2. Nf3 Nc6 3. d4 cxd4 4. Nxd4 Nf6 5. Nc3 e5 6. Ndb5 d6 7. Bg5 a6 8. Bxf6 gxf6 9. Na3 f5 10. exf5 Bxf5 11. Nd5 Bg7 12. Nc4 O-O 13. Nde3 Bg6 14. Qxd6 Qe8 15. O-O-O b5 16. Nb6 Rd8 17. Qc5 Nd4 18. Nbd5 Qe6 19. c3 Kh8 20. Qa3 Rxd5 21. Nxd5 Qxd5 22. Bd3 Bxd3 23. Rxd3 Qxg2 24. Rhd1 Ne6 25. Qxa6 Qxf2 26. Qxb5 e4 27. Rg3 e3 28. Qf1 Qxf1 29. Rxf1 Bh6 30. Re1 f5 31. Rgxe3 Nc5 32. Kc2 Bxe3 33. Rxe3 f4 34. Rf3 Ne6 35. h4 Kg7 36. Kd3 Kg6 37. Ke4 Kh5 38. Ke5 Kg4 39. Rf1 Nc5 40. b4 Na4 41. c4 f3 42. c5 Kxh4 43. c6 Kg3 44. c7 Kg2 45. Rc1 f2 46. Kd6 f1=Q 47. Rxf1 Kxf1 48. Kc6 h5 49. Kb5 h4 50. Kxa4 h3 0-1

[Event "XIX Najdorf Memorial 2019"]
[Site "Warsaw"]
[Date "2019.07.14"]
[Round "9.32"]
[White "Parol, Pola"]
[Black "Shkliar, Boris"]
[Result "1/2-1/2"]
[ECO "B01"]
[WhiteElo "2064"]
[BlackElo "2160"]
[Annotator "ChessBase"]
[PlyCount "100"]
[EventDate "2019.07.06"]
[EventType "swiss"]
[EventCountry "POL"]
[SourceTitle "playchess.com"]
[Source "ChessBase"]
[SourceQuality "1"]
[TimeControl "40/5400+30:1800+30"]

1. e4 d5 2. exd5 Qxd5 3. Nc3 Qa5 4. d4 Nf6 5. Nf3 Bg4 6. h3 Bh5 7. Bc4 Nc6 8. g4 Bg6 9. Bd2 O-O-O 10. d5 Nb4 11. Bb3 Qa6 12. Bg5 Nfxd5 13. Nxd5 Rxd5 14. Bxd5 Nxc2+ 15. Kd2 Nxa1 16. Kc1 Qa5 17. Qd4 c6 18. Bc4 Nc2 19. Qf4 e5 20. Qxe5 Qxe5 21. Nxe5 f6 22. Be6+ Kc7 23. Nxg6 hxg6 24. Bxf6 gxf6 25. Kxc2 Bc5 26. f4 Kd6 27. Bf7 g5 28. fxg5 fxg5 29. Rd1+ Ke7 30. Bh5 Rf8 31. Rd3 Rf6 32. Rd2 Rf3 33. Rd3 Rf4 34. Bg6 Bd4 35. Bf5 Rf2+ 36. Kd1 c5 37. b4 Rxa2 38. bxc5 Bxc5 39. Rd7+ Kf6 40. Rxb7 Ke5 41. Kc1 Rh2 42. Rb3 Kf4 43. Kd1 Be3 44. Rb4+ Kf3 45. Be4+ Kg3 46. Rb3 Kf4 47. Rb4 Ke5 48. Bb7 Rxh3 49. Rb3 Kd4 50. Ra3 Rh2 1/2-1/2